 Dungeon Crawl Stone Soup version 0.29.1-2-gbd0b4ee654 (webtiles) character file.

Game seed: 6591585079968624991

53 KittyFluff the Trooper (level 3, -2/36 HPs)
             Began as a Gargoyle Berserker on Nov 15, 2022.
             Was a Believer of Trog.
             Slain by a hobgoblin
             ... wielding a +0 dagger
             ... led by Robin
              (5 damage)
             ... on level 2 of the Dungeon.
             The game lasted 00:06:51 (1990 turns).

KittyFluff the Trooper (Gargoyle Berserker)         Turns: 1990, Time: 00:06:51

Health: -2/36      AC:  6    Str: 20    XL:     3   Next: 87%
Magic:  3/3        EV: 12    Int:  7    God:    Trog [**....]
Gold:   83         SH:  0    Dex: 11    Spells: 2/2 levels left

rFire   . . .      SeeInvis .   a - +0 mace
rCold   . . .      Faith    .   (no shield)
rNeg    + . .      Spirit   .   b - +0 animal skin
rPois   ∞          Reflect  .   (no helmet)
rElec   +          Harm     .   (no cloak)
rCorr   .          Rampage  .   (no gloves)
Will    .....                   i - +0 pair of boots
Stlth   ..........              (no amulet)
HPRegen 0.12/turn               (no ring)
MPRegen 0.08/turn               (no ring)

@: berserking, very quick
A: sickness immunity, AC +3, negative energy resistance 1, electricity
resistance, torment resistance 1, petrification resistance
a: Renounce Religion, Berserk, Trog's Hand


You were on level 2 of the Dungeon.
You worshipped Trog.
Trog was pleased with you.
You visited 1 branch of the dungeon, and saw 2 of its levels.

You collected 83 gold pieces.

Inventory:

Hand Weapons
 a - a +0 mace (weapon)
Missiles
 f - 8 poisoned darts (quivered)
Armour
 b - a +0 animal skin (worn)
 e - a +0 leather armour
 i - a +0 pair of boots (worn)
Scrolls
 d - 2 scrolls of vulnerability {unknown}
 h - a scroll of blinking {unknown}
 j - a scroll of butterflies {unknown}
 k - a scroll of identify {unknown}
 l - a scroll of poison {unknown}
Potions
 c - a potion of attraction {unknown}
 g - a potion of curing {unknown}
 m - a potion of brilliance {unknown}


   Skills:
 + Level 3.7 Fighting
 + Level 3.6 Maces & Flails
 * Level 2.8 Armour
 + Level 1.9 Dodging
 + Level 0.6 Stealth


You had 2 spell levels left.
You didn't know any spells.
Your spell library was empty.

Dungeon Overview and Level Annotations

Branches:
Dungeon (2/15)

Altars:

Annotations:
D:2 Robin


Innate Abilities, Weirdness & Mutations

You are immune to sickness and miasma.
Your stone body is resilient. (AC +3)
You are immune to poison.
You resist negative energy. (rN+)
You are resistant to electric shocks. (rElec)
You are resistant to unholy torment.
You are immune to petrification.


Message History

Robin throws the goblin at you!
You hit the goblin.
You kill the goblin!
Trog accepts your kill. The goblin hits you with a +0 club.
You sock the goblin!
You kill the goblin!
Trog accepts your kill.
You closely miss the goblin. The goblin barely misses you.
You hit the goblin.
You kill the goblin!
Trog accepts your kill.
You sock the goblin!
You kill the goblin!
Trog accepts your kill. The goblin hits you but does no damage.
You sock the goblin!
You kill the goblin!
Trog accepts your kill.
You thump the goblin!
You kill the goblin!
Trog accepts your kill. Robin throws the goblin at you!
You miss the goblin. The goblin hits you with a +0 dagger.
Robin hits you from afar with a +0 trident.
You barely miss the goblin. The goblin hits you with a +0 dagger.
Robin hits you from afar with a +0 trident.
The goblin hits you but does no damage. Robin hits you but does no damage.
A red film seems to cover your vision as you go berserk!
You feel yourself moving faster!
You feel mighty! The goblin hits you with a +0 dagger.
Robin hits you from afar with a +0 trident.
* * * LOW HITPOINT WARNING * * *
You barely miss the goblin.
The hobgoblin no longer looks unusually strong.
You closely miss the goblin. The goblin hits you with a +0 dagger.
* * * LOW HITPOINT WARNING * * *
Robin barely misses you.
The hobgoblin hits you with a +0 dagger.
You die...

#. ##.# #... ##. #.
#.####... ##..
###.###.#...... . #...
..........##(.. ..##...
####..#.####... #......
#..........#### #......
###..........#
#......###g...........#
........g@...####.#.###
.......g###### #.#.#
........# #.#.#
.......## #.#.# .......
#.#.# ##..### #.#.#
.... #.#.# [..
###...##### #.......>.#


You could see Robin, a hobgoblin and a goblin (strong).

Vanquished Creatures
  2 dart slugs (D:1)
  4 ball pythons
  2 bats (D:1)
  5 endoplasms (D:1)
  A giant cockroach (D:1)
  4 hobgoblins
  6 jackals (D:1)
  4 kobolds (D:1)
  2 quokkas
  A frilled lizard (D:1)
  7 goblins (D:2)
  4 rats
42 creatures vanquished.

Vanquished Creatures (others)
  2 plants (D:2)
2 creatures vanquished.

Grand Total: 44 creatures vanquished

Notes
Turn   | Place    | Note
-------+----------+-------------------------------------------
     0 | D:1      | KittyFluff the Gargoyle Berserker began the quest for the
                  | Orb.
     0 | D:1      | Reached XP level 1. HP: 14/14 MP: 1/1
   378 | D:1      | Reached XP level 2. HP: 13/19 MP: 2/2
   992 | D:1      | Found a faded altar of an unknown god.
  1014 | D:1      | Reached XP level 3. HP: 18/24 MP: 3/3
  1014 | D:1      | Reached ** piety under Trog
  1973 | D:2      | Noticed Robin
  1990 | D:2      | Slain by a hobgoblin

Illustrated notes

Levels and vault maps discovered:
D:1:      minmay_arrival_stair_chambers, layout_basic,
          hellmonk_ecumenical_altar_dog_temple
D:2:      layout_rooms, serial_bayou_lagoon_b, uniq_robin

Action                   || total
-------------------------++-------
Melee: Mace              ||   127
Invok: Berserk           ||     1
 Stab: Sleeping          ||     1
Armor: Animal skin       ||    41
Dodge: Dodged            ||    68
